Map: Disco Bloodbath LE

Players

AntonyZerg

  • Race: Zerg Zerg
  • Spawn Location: 9:00

ButAlwayssss - Winner!

  • Race: Protoss Protoss
  • League: Master
  • Spawn Location: 3:00

Event: NationWars 2019

VOD

Have the link to the VOD?

Description

Time

  • Played on: Oct. 1, 2019, 9:35 a.m.
  • Length: 6:33
Show
View Real Time Build Order
Export as new Build Order

AntonyZerg Zerg 

Build Orders: Hatch First, Roach Nydus 

Get SALT Encoding   

  12  0:01  Drone  
  13  0:14  Overlord  
  13  0:17  Drone  
  14  0:32  Drone x2  
  16  0:48  Hatchery  
  15  0:52  Drone  
  15  0:56  Drone  
  17  0:59  Drone  
  18  1:09  Extractor  
  17  1:15  Spawning Pool  
  17  1:17  Drone  
  17  1:22  Drone  
  18  1:32  Extractor  
  18  1:33  Drone  
  18  1:49  Drone  
  19  1:56  Drone  
  21  2:05  Roach Warren, Queen  
  21  2:06  Overlord  
  22  2:26  Drone x2  
  24  2:36  Spine Crawler  
  23  2:39  Hatchery  
  22  2:45  Roach  
  22  2:48  Roach  
  26  2:58  Roach  
  28  3:06  Ravager  
  28  3:07  Lair  
  28  3:08  Overlord  
  28  3:10  Ravager  
  30  3:27  Drone, Overlord  
  30  3:28  Drone  
  30  3:32  Ravager  
  33  3:48  Metabolic Boost  
  33  4:00  Overlord  
  33  4:01  Roach x2  
  37  4:10  Overseer  
  37  4:11  Hatchery  
  37  4:12  Drone  
  37  4:16  Nydus Network  
  36  4:24  Queen  
  35  4:38  Spore Crawler  
  30  4:40  Spore Crawler  
  28  4:46  Drone  
  28  4:47  Drone x3  
  32  5:00  Nydus Canal  
  32  5:01  Zergling x2  
  31  5:10  Zergling x2  
  31  5:13  Queen  
  34  5:15  Drone  
  35  5:28  Nydus Canal  
  35  5:30  Queen  
  35  5:31  Drone x2  
  34  6:02  Drone x6  
Show
View Real Time Build Order
Export as new Build Order

ButAlwayssss Protoss - Winner!

Build Orders: Oracle Opening 

Get SALT Encoding   

  12  0:01  Probe  
  13  0:13  Probe  
  14  0:20  Pylon  
  14  0:25  Probe  
  15  0:38  Probe (Chrono Boost)  
  15  0:39  Gateway  
  16  0:48  Probe (Chrono Boost)  
  16  0:49  Assimilator  
  17  0:53  Probe (Chrono Boost)  
  18  1:05  Probe  
  18  1:06  Forge  
  19  1:17  Probe  
  20  1:19  Pylon  
  20  1:28  Pylon  
  20  1:29  Pylon  
  20  1:40  Photon Cannon  
  20  1:43  Gateway  
  20  1:47  Cybernetics Core  
  20  1:50  Photon Cannon  
  20  1:52  Probe  
  21  1:59  Assimilator  
  21  2:05  Pylon  
  21  2:06  Probe  
  22  2:10  Pylon  
  22  2:18  Probe  
  22  2:20  Stalker (Chrono Boost)  
  23  2:25  Warp Gate  
  25  2:30  Probe  
  26  2:46  Stargate  
  26  2:52  Stalker  
  28  3:10  Nexus  
  28  3:13  Probe  
  29  3:22  Stalker  
  32  3:29  Oracle (Chrono Boost)  
  34  3:37  Pylon  
  35  3:41  Probe  
  35  3:53  Probe  
  35  3:54  Shield Battery  
  36  3:58  Oracle (Chrono Boost)  
  39  4:21  Probe  
  40  4:33  Probe  
  40  4:36  Oracle (Chrono Boost)  
  41  4:44  Probe  
  42  4:45  Probe  
  42  4:46  Stalker  
  42  4:48  Shield Battery  
  42  4:49  Shield Battery  
  42  4:51  Photon Cannon  
  45  4:56  Probe  
  45  4:58  Probe  
  45  4:59  Robotics Facility  
  47  5:08  Probe  
  47  5:11  Phoenix (Chrono Boost)  
  50  5:15  Probe  
  50  5:20  Pylon  
  51  5:21  Probe  
  52  5:29  Probe  
  53  5:39  Shield Battery  
  53  5:41  Stalker  
  55  5:43  Photon Cannon  
  55  5:54  Probe  
  55  5:56  Probe  
  57  5:57  Nexus  
  57  6:06  Probe  
  57  6:08  Probe  
  59  6:18  Probe  
  59  6:20  Probe  
Tags
 
Add a new tag
Caveats
  • Supply blocks, unpowered buildings, or Contaminate may cause inaccurate times.
  • Supply counts are checked every 10 seconds.